 Dungeon Crawl Stone Soup version 0.28.0 (webtiles) character file.

Game seed: 16894137509435684481

164 Morbidden the Conjurer (level 5, 37/37 HPs)
             Began as a Demonspawn Conjurer on Feb 8, 2022.
             Was an Initiate of Vehumet.
             Quit the game on level 4 of the Dungeon.
             The game lasted 00:07:10 (3507 turns).

Morbidden the Conjurer (Demonspawn Conjurer)        Turns: 3507, Time: 00:07:11

Health: 37/37      AC:  7    Str:  7    XL:     5   Next: 21%
Magic:  3/9        EV: 11    Int: 21    God:    Vehumet [......]
Gold:   110        SH:  4    Dex: 14    Spells: 6/9 levels left

rFire   + . .      SeeInvis .   e - +0 dagger
rCold   . . .      Faith    .   (no shield)
rNeg    . . .      Spirit   .   f - +0 leather armour
rPois   .          Reflect  .   (helmet restricted)
rElec   .          Harm     .   (no cloak)
rCorr   .          Rampage  .   (no gloves)
Will    .....                   (no boots)
Stlth   +++.......              (no amulet)
HPRegen 0.12/turn               b - ring of protection from fire
MPRegen 0.11/turn               c - +4 ring of protection

@: no status effects
A: antennae 1, thin skeletal structure 1, condensation shield
a: Renounce Religion


You were on level 4 of the Dungeon.
You worshipped Vehumet.
Vehumet was noncommittal.
You visited 1 branch of the dungeon, and saw 4 of its levels.

You collected 110 gold pieces.

Inventory:

Hand Weapons
 e - a +0 dagger (weapon)
Missiles
 g - 5 poisoned darts
Armour
 f - a +0 leather armour (worn)
 j - a +0 helmet
Jewellery
 b - a ring of protection from fire (left hand)
 c - a +4 ring of protection (right hand)
Wands
 i - a wand of polymorph (3)
Potions
 a - a potion of curing {unknown}
 d - 3 potions of mutation {unknown}
 h - a potion of ambrosia {unknown}
 k - a potion of flight {unknown}


   Skills:
 * Level 1.4 Fighting
 + Level 0.1 Armour
 + Level 2.2 Dodging
 + Level 2.0 Stealth
 + Level 0.3 Shields
 * Level 2.7 Spellcasting
 * Level 5.4 Conjurations


You had 6 spell levels left.
You knew the following spells:

 Your Spells              Type           Power      Damage    Failure   Level
a - Magic Dart            Conj           100%       1d8       2%          1
b - Searing Ray           Conj           50%        2d6       3%          2

Your spell library contained the following spells:

 Spells                   Type           Power      Damage    Failure   Level
 Beastly Appendage        Tmut           4%         N/A       21%         1
 Dazzling Flash           Conj/Hex       28%        N/A       21%         3
 Wereblood                Tmut           2%         N/A       30%         2
 Spider Form              Tmut/Pois      2%         N/A       52%         3
 Fulminant Prism          Conj/Hex       7%         3d7       54%         4
 Iskenderun's Mystic Bla  Conj/Tloc      14%        2d5       54%         4


Dungeon Overview and Level Annotations

Branches:
Dungeon (4/15)             Temple (0/1) D:4

Altars:
Ashenzari
Gozag
Ru
Vehumet

Annotations:
D:2 Natasha, Sigmund
D:3 Grinder


Innate Abilities, Weirdness & Mutations

You have a pair of small antennae on your head.
You have a somewhat thin skeletal structure. (Dex +2, Stealth+)
A meltable shield of frost defends you. (SH +4)


Message History

Unknown command.
d - 3 fuming brown potions (gained 1)
You open the door.
There is an open door here.
k - a brown potion
Casting: Magic Dart (safe; 2% risk of failure)
Confirm with . or Enter, or press ? or * to list all spells.
You can't see any susceptible monsters within range! (Use Z to cast anyway.) Unknown command.
You open the door.
An orc priest, an orc wizard and 2 orcs come into view.
The orc shouts! x2
An orc comes into view. It is wielding a +0 dagger.
Unknown command.
Casting: Magic Dart (safe; 2% risk of failure)
Confirm with . or Enter, or press ? or * to list all spells.
Aiming: Searing Ray (safe; 3% risk of failure)
Press: ? - help, Shift-Dir - straight line, f - orc priest
Aim: an orc priest, wielding a +0 club (79% to hit)
The searing ray misses the orc priest. (Press . to maintain the ray.) Unknown command.
Unknown command.
The searing ray hits the orc priest.
The orc priest is moderately wounded.
Unknown command.
Unknown command.
The searing ray hits the orc!
You kill the orc!
Vehumet accepts your kill.
The searing ray hits the orc priest!
You kill the orc priest!
Vehumet accepts your kill.
The orc wizard shouts!
You have reached level 5!
Your demonic ancestry asserts itself...
A pair of antennae grows on your head!
Your +0 helmet falls away!
Unknown command.
Are you sure you want to abandon this character and quit the game? (Confirm with "yes".) .....# ##...# #...# . ##...# .. <....# .oo

.....# ...o ##### #....+
...o. #...# #....#
......#...# #....#
.....)o.@.#
#....#..).....#...#
#..#+#....... ##..#
##.......#+#####..######
##.......#....#.........
#.......+....#.........
#.......#....'.........
##.......#.##.####.#####
....######.##.####.#


You could see an orc wizard and an orc.

Vanquished Creatures
  An orc priest (D:4)
  An orc wizard (D:3)
  Robin (D:3)
  2 adders
  A worm (D:2)
  3 orcs
  8 bats
  5 endoplasms
  4 giant cockroaches
  11 goblins
  7 hobgoblins
  3 jackals (D:3)
  5 quokkas
  3 ball pythons
  5 frilled lizards
  7 kobolds
  2 rats (D:1)
69 creatures vanquished.

Notes
Turn   | Place    | Note
-------+----------+-------------------------------------------
     0 | D:1      | Morbidden the Demonspawn Conjurer began the quest for the
                  | Orb.
     0 | D:1      | Reached XP level 1. HP: 13/13 MP: 3/3
   420 | D:1      | Gained mutation: A meltable shield of frost defends you.
                  | (SH +4) [demonic ancestry]
   420 | D:1      | Reached XP level 2. HP: 19/19 MP: 3/5
   683 | D:1      | Learned a level 2 spell: Searing Ray
  1379 | D:2      | Noticed Natasha
  1522 | D:2      | Noticed Sigmund
  1613 | D:3      | Found a sacrificial altar of Ru.
  1618 | D:3      | Reached skill level 5 in Conjurations
  1618 | D:3      | Reached XP level 3. HP: 24/24 MP: 0/6
  1676 | D:3      | Noticed a black bear
  1996 | D:3      | Found a faded altar of an unknown god.
  2096 | D:3      | Gained mutation: You have a somewhat thin skeletal
                  | structure. (Dex +2, Stealth+) [demonic ancestry]
  2096 | D:3      | Reached XP level 4. HP: 31/31 MP: 3/7
  2148 | D:3      | Noticed Grinder
  2344 | D:2      | Noticed Robin
  2349 | D:3      | Killed Robin
  2350 | D:3      | Reached skill level 1 in Fighting
  2684 | D:2      | Found a radiant altar of Vehumet.
  2782 | D:2      | Became a worshipper of Vehumet
  3097 | D:3      | Found an opulent altar of Gozag.
  3414 | D:3      | Found a broken altar of Ashenzari.
  3450 | D:4      | Found a staircase to the Ecumenical Temple.
  3507 | D:4      | Gained mutation: You have a pair of small antennae on your
                  | head. [demonic ancestry]
  3507 | D:4      | Reached XP level 5. HP: 37/37 MP: 3/9
  3507 | D:4      | Quit the game

Illustrated notes

Levels and vault maps discovered:
D:1:      amcnicky_arrival_choice, layout_basic
D:2:      layout_rooms, basic_altar, uniq_natasha, uniq_robin, uniq_sigmund
D:3:      layout_rooms, mainiacjoe_overflow_surrounded_room,
          mainiacjoe_overflow_brackets, nicolae_ru_great_annihilating_truth,
          hellmonk_ecumenical_altar_crossroads, uniq_grinder
D:4:      layout_gridville, lemuel_doored_altar,
          minmay_temple_entry_antechambers

Skill      XL: |  1  2  3  4 |
---------------+-------------+-----
Dodging        | 2 |  2.2
Conjurations   | 5 |  5.4
Fighting       | 1 |  1.4
Stealth        | 2 |  2.0
Armour         | |  0.1
Shields        | |  0.3
Spellcasting   | |  2.7

Action                   |  1- 3 |  4- 6 || total
-------------------------+-------+-------++-------
Melee: Unarmed           |    13 |       ||    13
       Dagger            |    26 |    32 ||    58
       Punch             |       |     2 ||     2
 Cast: Magic Dart        |    63 |    48 ||   111
       Searing Ray       |     1 |     4 ||     5
  Use: Scroll            |     1 |     1 ||     2
Armor: Robe              |    13 |    14 ||    27
       Skin              |       |     1 ||     1
Dodge: Dodged            |    39 |    42 ||    81
Block: Other             |     8 |    13 ||    21
